 Dungeon Crawl Stone Soup version 0.29.1-2-gbd0b4ee654 (webtiles) character file.

Game seed: 16814487407741423026

291 Linkola the Magician (level 6, -4/32 HPs)
             Began as a Deep Elf Air Elementalist on Oct 22, 2022.
             Slain by an iguana (10 damage)
             ... on level 5 of the Dungeon on Oct 23, 2022.
             The game lasted 00:12:35 (3437 turns).

Linkola the Magician (Deep Elf Air Elementalist)    Turns: 3437, Time: 00:12:35

Health: -4/32      AC:  3    Str:  5    XL:     6   Next: 10%
Magic:  9/24       EV: 17    Int: 22    God:
Gold:   116        SH:  0    Dex: 15    Spells: 2/15 levels left

rFire   . . .      SeeInvis .   (no weapon)
rCold   . . .      Faith    .   (no shield)
rNeg    . . .      Spirit   .   a - +1 robe
rPois   .          Reflect  .   (no helmet)
rElec   .          Harm     .   (no cloak)
rCorr   .          Rampage  .   (no gloves)
Will    .....                   (no boots)
Stlth   ++........              (no amulet)
HPRegen 0.10/turn               i - +4 ring of evasion
MPRegen 0.19/turn               h - ring of magical power

@: no status effects
A: no striking features
a: no special abilities


You were on level 5 of the Dungeon.
You visited 1 branch of the dungeon, and saw 5 of its levels.

You collected 116 gold pieces.

Inventory:

Armour
 a - a +1 robe (worn)
Jewellery
 h - a ring of magical power (right hand)
 i - a +4 ring of evasion (left hand)
Scrolls
 c - 2 scrolls of amnesia
 d - a scroll of enchant armour
 f - 3 scrolls of teleportation
 j - 2 scrolls of summoning
 k - a scroll of enchant weapon {unknown}
 l - a scroll of noise {unknown}
Potions
 b - a potion of magic
 e - 5 potions of heal wounds
 g - a potion of attraction {unknown}


   Skills:
 - Level 0.1 Fighting
 + Level 2.8 Dodging
 + Level 3.0 Stealth
 + Level 5.2 Spellcasting
 + Level 3.0 Conjurations
 + Level 4.3 Air Magic
 + Level 2.4 Poison Magic


You had 2 spell levels left.
You knew the following spells:

 Your Spells              Type           Power      Damage    Failure   Level
a - Shock                 Conj/Air       84%        1d8       2%          1
b - Static Discharge      Conj/Air       21%        3-6/arc   3%          2
c - Swiftness             Air            24%        N/A       4%          3
d - Mephitic Cloud        Conj/Pois/Air  20%        N/A       8%          3
e - Airstrike             Air            12%        2d(2-18)  17%         4

Your spell library contained the following spells:

 Spells                   Type           Power      Damage    Failure   Level
 Magic Dart               Conj           76%        1d6       3%          1
 Call Imp                 Summ           5%         N/A       16%         2


Dungeon Overview and Level Annotations

Branches:
Dungeon (5/15)
 Temple: D:4-7

Altars:

Annotations:
D:4 Pikel


Message History

That felt strangely unrewarding.
A lemure comes into view.
Pikel says, "Hell isn't that bad."
The quokka attacks as you move away! The quokka completely misses you.
The quokka attacks as you move away! The quokka bites you.
Level annotation: Pikel Welcome back, Linkola the Deep Elf Air Elementalist.
Press ? for a list of commands and other information.
Aiming: Shock (safe; 2% risk of failure)
Press: ? - help, Q - select action, (/) - cycle Shift-Dir - straight line The zap hits the quokka!
You kill the quokka!
The zap hits the endoplasm.
The endoplasm is severely wounded.
The zap hits the endoplasm.
You kill the endoplasm!
You see here a +0 ring mail.
Pikel zaps a wand.
The bolt of acid hits you!
There is a stone staircase leading down here.
You climb downwards.
Found a stone staircase leading up.
There is a stone staircase leading up here.
An iguana comes into view.
The iguana bites you but does no damage.
The iguana completely misses you. The iguana misses you.
The iguana bites you but does no damage.
The iguana bites you! The iguana bites you.
* * * LOW HITPOINT WARNING * * *
Casting: Shock (safe; 2% risk of failure)
Confirm with . or Enter, or press ? or * to list all spells.
The iguana is struck by an arc of lightning!
The iguana is heavily wounded.
You are struck by an arc of lightning.
* * * LOW HITPOINT WARNING * * *
The iguana is struck by an arc of lightning.
The iguana is severely wounded.
The lightning grounds out.
The iguana bites you!
You die...

#.....# #.....+ .
#.....#
..#####.....#+###
.....<..........#
................+
................#
................#
.......@l<......#
.......#######+##
....... +#.....
#..... #.....
#..... #.....


You could see an iguana.

Vanquished Creatures
  A water moccasin (D:4)
  A lemure (D:4)
  An orc priest (D:4)
  Jessica (D:3)
  An orc wizard (D:4)
  2 adders (D:3)
  An ufetubus (D:4)
  3 worms
  3 dart slugs
  An orc (D:4)
  7 ball pythons
  7 endoplasms
  5 giant cockroaches
  12 goblins
  A hobgoblin (D:3)
  4 jackals
  2 quokkas (D:4)
  5 bats
  A frilled lizard (D:1)
  4 kobolds
  8 rats
71 creatures vanquished.

Notes
Turn   | Place    | Note
-------+----------+-------------------------------------------
     0 | D:1      | Linkola the Deep Elf Air Elementalist began the quest for
                  | the Orb.
     0 | D:1      | Reached XP level 1. HP: 10/10 MP: 6/6
   212 | D:1      | Reached XP level 2. HP: 15/15 MP: 4/8
   215 | D:1      | Learned a level 2 spell: Static Discharge
   756 | D:1      | Found a faded altar of an unknown god.
   862 | D:1      | Upgraded the game from 0.29.1-1-gd02db6906a to
                  | 0.29.1-2-gbd0b4ee654
   929 | D:1      | Reached XP level 3. HP: 10/19 MP: 5/10
   933 | D:1      | Learned a level 3 spell: Swiftness
  1247 | D:2      | Learned a level 3 spell: Mephitic Cloud
  2356 | D:3      | Reached skill level 4 in Spellcasting
  2523 | D:3      | Reached XP level 4. HP: 24/24 MP: 12/12
  2560 | D:3      | Noticed Jessica
  2563 | D:3      | Killed Jessica
  3143 | D:4      | Reached XP level 5. HP: 21/28 MP: 13/13
  3175 | D:4      | Learned a level 4 spell: Airstrike
  3378 | D:4      | Noticed a water moccasin
  3382 | D:4      | Killed a water moccasin
  3383 | D:4      | Reached skill level 5 in Spellcasting
  3383 | D:4      | Reached XP level 6. HP: 32/32 MP: 15/15
  3389 | D:4      | Noticed Pikel
  3405 | D:5      | Entered Level 5 of the Dungeon
  3437 | D:5      | Slain by an iguana

Illustrated notes

Levels and vault maps discovered:
D:1:      dpeg_arrival_windows_large_door, layout_basic, basic_ecumenical_altar
D:2:      layout_rooms, chequers_serial_rivers_micro_a, st_stairs_6
D:3:      layout_rooms, serial_rivers, chequers_serial_rivers_room_b,
          chequers_serial_rivers_micro_a, chequers_serial_rivers_micro_c,
          chequers_serial_rivers_large_b, minmay_misc_feat_square, uniq_jessica
D:4:      layout_basic, minmay_fractal_squares_diagonal_5, uniq_pikel
D:5:      layout_gridville, pdpol_temple_overflow_zin_treasury_gozag_greed,
          led_sif_pool, temple_statues, minmay_misc_feat_roman,
          nicolae_concentric_dashed_squares_mild, eino_tiny_chamber

Skill      XL: |  1  2  3  4  5  6 |
---------------+-------------------+-----
Spellcasting   | 4 5 |  5.2
Poison Magic   | 2 |  2.4
Conjurations   | 2 3 |  3.0
Air Magic      | 4 |  4.3
Stealth        | 3 |  3.0
Fighting       | |  0.1
Dodging        | |  2.8

Action                   |  1- 3 |  4- 6 || total
-------------------------+-------+-------++-------
 Cast: Shock             |    95 |    33 ||   128
       Static Discharge  |     8 |     2 ||    10
       Mephitic Cloud    |     2 |       ||     2
       Airstrike         |       |     3 ||     3
  Use: Scroll            |     5 |     1 ||     6
       Potion            |     1 |       ||     1
Armor: Robe              |     8 |     2 ||    10
Dodge: Dodged            |    17 |     4 ||    21
